 Dungeon Crawl Stone Soup version bcrawl-1.31 (webtiles) character file.

Game seed: 10031263638646690399

111030 AtilaTheSponge the Skirmisher (level 3, 0/29 HPs)
             Began as a Demonspawn Gladiator on Mar 24, 2021.
             Slain by a worker ant (6 damage)
             ... on level 3 of the Dungeon.
             The game lasted 00:15:15 (1961 turns).

AtilaTheSponge the Skirmisher (DsGl)                Turns: 1961, Time: 00:15:16

Health: 0/29       AC:  4    Str: 14    XL:     3   Next: 98%
Magic:  3/3        EV: 13    Int:  9    God:
Gold:   188        SH:  4    Dex: 15    Spells: 2/2 levels left

rFire    . . .     SeeInvis .   a - +0 rapier
rCold    . . .     Gourm    .   (no shield)
rNeg     . . .     Faith    .   u - +0 robe
rPois    .         Spirit   .   c - +0 helmet
rElec    .         Reflect  +   (no cloak)
rCorr    .         Harm     .   (no gloves)
MR       .....                  (no boots)
Stlth    +++++++...             D - +4 amulet of reflection
HPRegen  0.09/turn              q - ring of stealth
MPRegen  0.08/turn              p - ring of stealth

@: no status effects
A: rugged brown scales 1, nightstalker 1
a: no special abilities


You were on level 3 of the Dungeon.
You were not hungry.

You visited 1 branch of the dungeon, and saw 3 of its levels.

You collected 188 gold pieces.

Inventory:

Hand Weapons
 a - a +0 rapier (weapon)
 h - a +0 dagger
 l - a +0 club
 o - a +0 spear
 t - a +0 dagger
 w - a +0 mace
 B - a +0 dagger
 C - a +0 club
 E - a +0 club
 H - a +0 whip
 I - a +0 hand axe
 L - a +0 falchion
 M - a +0 club
 P - a cursed -1 falchion
 R - a +0 club
Missiles
 d - 3 throwing nets {=f}
 n - 337 stones (quivered)
 s - 416 arrows
 x - 89 bolts
Armour
 b - a +0 leather armour
 c - a +0 helmet (worn)
 k - a +0 plate armour
 m - a +0 ring mail
 r - a +0 chain mail
 u - a +0 robe (worn)
 v - a +0 leather armour
 K - a +0 ring mail
 N - a +0 ring mail
 Q - a +0 robe
Jewellery
 p - a ring of stealth (right hand)
 q - a ring of stealth (left hand)
 D - a +4 amulet of reflection (around neck)
Scrolls
 g - a scroll of blinking {unknown}
 i - 2 scrolls of identify
 j - 3 scrolls of remove curse {unknown}
 y - a scroll of teleportation {unknown}
 J - a scroll of enchant weapon {unknown}
Potions
 f - a potion of heal wounds
 z - a potion of agility {unknown}
 A - 3 potions of curing {unknown}
 F - 3 potions of invisibility {unknown}
 G - a potion of brilliance {unknown}
Comestibles
 e - 5 rations {!d}


   Skills:
 + Level 3.5 Fighting
 + Level 3.4 Short Blades
 + Level 1.7 Throwing
 + Level 0.3 Armour
 + Level 3.2 Dodging
 + Level 0.7 Stealth


You had 2 spell levels left.
You didn't know any spells.
Your spell library contained the following spells:

 Spells                   Type           Power        Failure   Level  Hunger
 Confuse                  Hex            #.......     77%         3    #####..
 Dazzling Orbs            Conj/Hex       #......      77%         3    #####..
 Petrify                  Tmut/Erth      #.........   99%         4    ######.
 Yara's Violent Unravell  Hex/Tmut       #.........   99%         4    ######.
 Metabolic Englaciation   Hex/Ice        #.........   100%        5    #######
 Mana Rupture             Conj/Hex       #.........   100%        7    #######


Dungeon Overview and Level Annotations

Branches:
Dungeon (3/12)

Altars:


Innate Abilities, Weirdness & Mutations

You are partially covered in rugged brown scales. (AC +1, +3% HP)
You are slightly more attuned to the shadows.


Message History

The worker ant is severely wounded.
The worker ant closely misses you.
You hit the worker ant.
The worker ant is almost dead.
The worker ant bites you but does no damage.
You hit the worker ant but do no damage.
The worker ant is almost dead.
The worker ant bites you. You block the worker ant's attack.
You closely miss the worker ant.
The worker ant is almost dead.
The worker ant bites you.
You closely miss the worker ant.
The worker ant is almost dead.
The worker ant closely misses you.
You closely miss the worker ant.
The worker ant is almost dead.
The worker ant bites you.
* * * LOW HITPOINT WARNING * * *
The worker ant bites you.
You die...

........
.......#
..?....#
.......#
.......##
........########
.^.....Sa@.....#
........######.#
........# #.#
........######.#
......$###.....#
.<.....# #.....#
######## #....<#
#.....# #.....#


You could see a worker ant and an adder.

Vanquished Creatures
  An adder (D:2)
  3 worms
  3 dart slugs
  3 leopard geckos
  2 giant cockroaches (D:1)
  4 goblins
  3 hobgoblins
  2 jackals (D:1)
  A quokka (D:2)
  2 bats (D:1)
  2 frilled lizards
  A jackal skeleton (D:3)
  8 kobolds
  6 rats (D:1)
  A bush (D:1)
  A plant (D:1)
43 creatures vanquished.

Notes
Turn   | Place    | Note
-------+----------+-------------------------------------------
     0 | D:1      | AtilaTheSponge the Demonspawn Gladiator began the quest for
                  | the Orb.
     0 | D:1      | Reached XP level 1. HP: 18/18 MP: 1/1
   198 | D:1      | Gained mutation: You are partially covered in rugged brown
                  | scales. (AC +1, +3% HP) [demonic ancestry]
   198 | D:1      | Reached XP level 2. HP: 17/24 MP: 2/2
   794 | D:1      | Gained mutation: You are slightly more attuned to the
                  | shadows. [demonic ancestry]
   794 | D:1      | Reached XP level 3. HP: 29/29 MP: 3/3
  1961 | D:3      | Slain by a worker ant

Skill      XL: |  1  2 |
---------------+-------+-----
Dodging        | 3 |  3.2
Short Blades   | 3 |  3.4
Fighting       | |  3.5
Throwing       | |  1.7
Armour         | |  0.3
Stealth        | |  0.7

Action                   || total
-------------------------++-------
Melee: Rapier            ||   255
 Stab: Sleeping          ||     9
       Distracted        ||     1
  Eat: Chunk             ||    10
Armor: Leather armour    ||    17
       Robe              ||    11
Dodge: Dodged            ||    69
Block: Other             ||    18
       Reflection        ||     1
